← All builds
Front / Armada / Economy first / OBSERVED BUILD

Standard front

Armada Front build order · Supreme Isthmus

Standard economy-first Front play: Bot Lab and Vehicle Plant up immediately, units trickle to the coast and middle, with an Advanced Metal Extractor around 9:00 as the eco transition.

#eco · 1697 distinct matches · 247 players · 74% of Armada Front games · team won 61% of 1991 · Recently observed

HOW TO PLAY IT

Key timing: T2 constructor by 7:43

  1. Open mex and wind, drop Bot Lab and Vehicle Plant almost immediately.
  2. Pump Blitz, Rocketeer and Pawn to the coast to stop leaks first.
  3. Add Centurion and Janus once first units are moving up.
  4. Form units into a line pushing toward middle as numbers grow.
  5. Upgrade to Advanced Metal Extractor as the economy transition kicks in.

Phase by phase

TYPICAL OF ITS 1697 GAMES
  1. 1
  2. 2
  3. 3
PLAY THE OPENING

Follow the example game's first 6:00 step by step: what to build now, what comes next, and where it goes. At 1× it keeps pace with your own game.

  1. 1

    Up to the Bot Lab

    Economy
    • Metal Extractor2Mex
    Order
    1. Bot LabBot Lab after 2 mex, 1 winddone ~0:44, middle half 0:33–0:55

    Some games also: wind (48%) · Vehicle Plant (35%)

    By 0:28 in all: 2 mex

    The example game in this phase · 3 steps
    1. Mex
    2. Wind
    3. Bot LabBot Labdone 0:36 · typical 0:44
  2. 2

    Bot Lab to 5:00

    Economy
    • Metal Extractor4Mex
    • Wind Turbine3Wind
    Builders
    • Construction Bot1 Con bot
    Army
    • Sentry1 Sentry
    • Rocketeer6 Rocketeer

    Some games also: Lazarus (49%) · tick (46%) · centurion (40%) · con vehicle (32%) · janus (32%)

    By 5:00 in all: 6 mex · 6 wind

    The example game in this phase · 27 steps
    1. TickTick ×5
    2. PawnPawn ×5
    3. LazarusLazarus ×2
    4. Construction BotCon bot ×3
    5. Mex ×2
    6. RocketeerRocketeer
    7. Mex ×2
    8. RocketeerRocketeer
    9. MaceMace
    10. RocketeerRocketeer
    11. Mex
    12. RocketeerRocketeer
    13. Wind
    14. MaceMace
    15. LazarusLazarus
    16. Wind
    17. RocketeerRocketeer ×2
    18. MaceMace
    19. Wind
    20. Mex
    21. RocketeerRocketeer ×2
    22. Wind
    23. MaceMace
    24. LazarusLazarus
    25. Wind
    26. RocketeerRocketeer ×2
    27. CenturionCenturion
  3. 3

    5:00 to 10:00

    Economy
    • Metal Extractor1Mex
    • Wind Turbine14Wind
    Builders
    • Construction Turret2 Con turret
    Army
    • Sentry1 Sentry

    Some games also: rocketeer (46%) · energy storage (43%) · Lazarus (38%) · con bot (37%) · Radar Tower (36%)

    By 10:00 in all: 7 mex · 24 wind · 1 energy storage · 3 con turret

    The example game in this phase · 130 steps
    1. RocketeerRocketeer
    2. Wind
    3. MaceMace
    4. RocketeerRocketeer ×2
    5. MaceMace
    6. Wind
    7. LazarusLazarus
    8. Construction BotCon bot
    9. Wind
    10. LazarusLazarus
    11. RocketeerRocketeer ×2
    12. Wind
    13. MaceMace
    14. Energy storage
    15. Construction BotCon bot
    16. MaceMace
    17. RocketeerRocketeer
    18. LazarusLazarus
    19. RocketeerRocketeer ×2
    20. Wind
    21. MaceMace
    22. Wind
    23. CenturionCenturion
    24. Wind
    25. LazarusLazarus
    26. PawnPawn
    27. SentrySentry
    28. Wind
    29. PawnPawn
    30. Dragon's TeethDragon's Teeth
    31. PawnPawn
    32. Dragon's TeethDragon's Teeth ×2
    33. Wind
    34. PawnPawn
    35. Dragon's TeethDragon's Teeth ×4
    36. PawnPawn
    37. Dragon's TeethDragon's Teeth ×2
    38. Wind
    39. PawnPawn
    40. Wind ×3
    41. Mex
    42. Wind
    43. Mex
    44. Wind
    45. Advanced Metal ExtractorT2 mexdone 10:48 · typical 9:01
    46. Wind
    47. Mex
    48. Wind
    49. Radar TowerRadar Tower
    50. Wind
    51. SentrySentry
    52. Construction BotCon bot
    53. Wind
    54. Con turret
    55. Converter
    56. Construction BotCon bot
    57. Advanced Metal ExtractorT2 mex
    58. Construction BotCon bot ×2
    59. Con turret
    60. Converter
    61. LazarusLazarus ×2
    62. Wind
    63. Advanced Metal ExtractorT2 mex
    64. Con turret
    65. CenturionCenturion
    66. Converter
    67. Wind
    68. Construction BotCon bot
    69. Converter
    70. Wind
    71. Con turret
    72. Wind
    73. Converter
    74. Wind
    75. LazarusLazarus
    76. Con turret
    77. Converter
    78. Wind
    79. LazarusLazarus
    80. Advanced Metal ExtractorT2 mex
    81. CenturionCenturion
    82. Converter
    83. Wind
    84. LazarusLazarus ×2
    85. Wind
    86. Converter
    87. CenturionCenturion
    88. LazarusLazarus
    89. Wind
    90. TickTick ×5
    91. Converter
    92. TickTick
    93. Wind
    94. TickTick ×5
    95. Wind
    96. Converter
    97. TickTick ×4
    98. Wind
    99. TickTick ×4
    100. Wind
    101. TickTick
    102. Converter
    103. Wind
    104. TickTick ×2
    105. Wind
    106. TickTick ×2
    107. Construction BotCon bot
    108. Converter
    109. Wind
    110. TickTick ×3
    111. CrossbowCrossbow
    112. Wind
    113. Converter
    114. CrossbowCrossbow
    115. Advanced Metal ExtractorT2 mex
    116. CrossbowCrossbow
    117. Wind
    118. CrossbowCrossbow ×4
    119. Wind
    120. Converter
    121. Wind
    122. CrossbowCrossbow
    123. Wind
    124. CrossbowCrossbow
    125. Wind
    126. RattlesnakeRattlesnakenot finished by 15:00
    127. Construction BotCon bot
    128. Converter ×2
    129. Advanced solar
    130. Construction BotCon bot

Counts are medians over the build's games: half of them build more, half fewer. The example game is NoobSlayer's (31 OS, 17/08/2026); pick another.

Team trades

IN AT LEAST 30% OF ITS GAMES

You hand over

Nothing regular.

You get

  • Tidal Generator4 Tidal from Pondfirst at 0:17 · in 68% of games
  • Advanced Construction Bot1 T2 con bot from Geo or Techfirst at 7:23 · in 64% of games

How it plays out

Typical game of this build, running totals by minute

Metal produced

010k20k30k
0:005:0010:0015:00

metal

Enemy metal destroyed

05k10k
0:005:0010:0015:00

metal

Own metal lost

05k10k
0:005:0010:0015:00

metal

1991 games.

Show as table
ByMetal produced: This buildEnemy metal destroyed: This buildOwn metal lost: This build
1:0033300
2:008402131
3:001618135108
4:002699522333
5:0038471127787
6:00503519231426
7:00625127172302
8:00753535453173
9:00897343264069
10:001053850054807
11:001237355335546
12:001452759766406
13:001685764686999
14:001922071817826
15:002185478698687
WHAT THE NUMBERS SAY

Standard Front play wins more often than Suicide front and produces more metal by 15:00 while losing less of it.

  • + Metal produced reaches 22627 by 15:00, well above Suicide front's 20142.
  • + Own metal lost is 8944 by 15:00, lower than enemy metal destroyed ratio of Suicide front.
  • − First unit lost already at 1:43, showing exposure despite the safer position.
  • − Blitz dominates army share at 25%, leaving fewer Centurion for anti-swarm.
THE EXAMPLE YOU ARE READING

NoobSlayer

31.0 OS · 17/08/2026

Open source match ↗

10 received units · includes a constructor
2675 metal received · 25068 energy received

Allied construction assistance is unknown. Timings are observations, not a promise of solo reproducibility.

Typical milestones

Bot Lab0:44Middle 50%: 0:33–0:55 · n=1329
Vehicle Plant0:47Middle 50%: 0:41–1:14 · n=1284
Advanced Metal Extractor9:01Middle 50%: 8:09–10:15 · n=1562

Played most by

haaven107games of this buildHummell107games of this buildLeohvm93games of this buildTheGeneraI74games of this buildXad69games of this build